 Dungeon Crawl Stone Soup version 0.22.1-6-g1668fe2c40 (webtiles) character file.

175 Kohma the Vexing (level 5, -5/24 HPs)
             Began as a Spriggan Enchanter on Jan 21, 2019.
             Killed from afar by an orc wizard (11 damage)
             ... with a puff of flame
             ... on level 3 of the Dungeon.
             The game lasted 00:10:27 (3770 turns).

Kohma the Vexing (Spriggan Enchanter)               Turns: 3770, Time: 00:10:28

Health: -5/24      AC:  4    Str:  5    XL:     5   Next: 29%
Magic:  11/11      EV: 19    Int: 16    God:
Gold:   236        SH:  0    Dex: 17    Spells: 8/11 levels left

rFire    . . .     SeeInvis +   n - +1 dagger (venom)
rCold    . . .     Gourm    .   (shield restricted)
rNeg     . . .     Faith    .   b - +0 robe
rPois    .         Spirit   .   (helmet restricted)
rElec    .         Reflect  .   p - +1 cloak
rCorr    .         Harm     .   (gloves unavailable)
MR       .....                  (boots unavailable)
Stlth    +++.......             (no amulet)
HPRegen  0.08/turn              (no ring)
MPRegen  0.12/turn              (no ring)

@: very quick
A: very small, unfitting armour, see invisible, herbivore, speed 3, slow
metabolism 2
a: no special abilities


You were on level 3 of the Dungeon.
You were not hungry.

You visited 1 branch of the dungeon, and saw 3 of its levels.

You collected 236 gold pieces.

Inventory:

Hand Weapons
 a - a +1 dagger
 j - a +0 hunting sling
 n - a +1 dagger of venom (weapon)
Missiles
 f - 42 stones (quivered)
 q - 20 sling bullets
Armour
 b - a +0 robe (worn)
 p - a +1 cloak (worn)
Jewellery
 o - a +2 ring of intelligence {unknown}
Scrolls
 c - 2 scrolls of teleportation {unknown}
 l - 3 scrolls of remove curse {unknown}
 r - 2 scrolls of fog {unknown}
 v - a scroll of identify {unknown}
Potions
 e - 2 potions of brilliance {unknown}
 g - a potion of resistance {unknown}
 h - 2 potions of curing {unknown}
 i - a potion of agility {unknown}
 k - 2 potions of degeneration {unknown}
 m - a potion of berserk rage {unknown}
 s - 2 potions of flight {unknown}
 t - a potion of heal wounds {unknown}
 u - a potion of lignification {unknown}
Comestibles
 d - 8 rations


   Skills:
 - Level 0.1 Fighting
 + Level 1.8 Short Blades
 + Level 3.5 Dodging
 - Level 4.4 Stealth
 + Level 3.8 Spellcasting
 - Level 6.1 Hexes
 - Level 0.5 Ice Magic


You had 8 spell levels left.
You knew the following spells:

 Your Spells              Type           Power        Failure   Level  Hunger
a - Corona                Hex            ###....      1%          1    None
b - Ensorcelled Hibernat  Hex/Ice        ##....       7%          2    ##.....

Your spell library contained the following spells:

 Spells                   Type           Power        Failure   Level  Hunger
 Confuse                  Hex            ###.....     4%          3    ###....
 Tukima's Dance           Hex            ###.....     4%          3    ###....
 Dazzling Spray           Conj/Hex       ##....       14%         3    ###....


Dungeon Overview and Level Annotations

Branches:
Dungeon (3/15)

Altars:
Uskayaw

Annotations:
D:2 2 exclusions, Sigmund


Innate Abilities, Weirdness & Mutations

You are very small and have problems with some larger weapons.
You are too small for most types of armour.
You have supernaturally acute eyesight. (SInv)
You are a herbivore.
You cover ground extremely quickly.
You need to consume almost no food.


Message History

You hit the orc wizard but do no damage.
The orc wizard looks even sicker.
The orc wizard closely misses you. The orc wizard misses you.
You hit the orc wizard but do no damage.
The orc wizard looks as sick as possible!
The orc wizard is lightly wounded.
The orc wizard closely misses you.
You hit the orc wizard but do no damage.
The orc wizard looks as sick as possible!
The orc wizard is heavily wounded.
The orc wizard points at you and mumbles some strange words.
The magic dart hits you!
* * * LOW HITPOINT WARNING * * *
You hit the orc wizard but do no damage.
The orc wizard looks as sick as possible!
The orc wizard is severely wounded.
The orc wizard hits you but does no damage.
The orc wizard points at you and mumbles some strange words.
The puff of flame hits you!
You die...

#...... ## #.####...... ...
#........... .... #####....[.
..... #.........
......##############.##......
.......ooo.oo.........[......
[[###...o###o#######.........
.._.oo8.# #@# #.##.####.
..!)%....# #.# #.##.####.
...oo..8.# #.# #.##......
..........##.# #.####....
.......8..#..#######.# #....
o.................)..# ####.
...#.#.########## #. . ..###
#. ...# ##


You could see an orc priest, an orc wizard (invisible) and an orc.

Vanquished Creatures
  2 orc priests
  An orc wizard (D:3)
  2 adders (D:3)
  2 worms
  2 dart slugs
  2 leopard geckos
  5 orcs
  2 giant cockroaches (D:2)
  2 goblins
  8 hobgoblins
  5 jackals (D:1)
  5 quokkas
  6 bats
  4 frilled lizards
  2 kobolds
  5 rats
55 creatures vanquished.

Notes
Turn   | Place    | Note
-------+----------+-------------------------------------------
     0 | D:1      | Kohma the Spriggan Enchanter began the quest for the Orb.
     0 | D:1      | Reached XP level 1. HP: 9/9 MP: 5/5
   659 | D:1      | Reached skill level 4 in Hexes
   663 | D:1      | Reached XP level 2. HP: 13/13 MP: 6/6
   667 | D:1      | Learned a level 2 spell: Ensorcelled Hibernation
  1478 | D:2      | Reached XP level 3. HP: 16/16 MP: 8/8
  1591 | D:2      | Reached skill level 5 in Hexes
  2003 | D:2      | Reached XP level 4. HP: 15/21 MP: 10/10
  2467 | D:2      | Noticed Sigmund
  3392 | D:3      | HP: 1/21 [orc priest/club (5)]
  3394 | D:3      | Reached XP level 5. HP: 1/24 MP: 4/11
  3733 | D:3      | Found a hide-covered altar of Uskayaw.
  3755 | D:3      | Reached skill level 6 in Hexes
  3770 | D:3      | Killed from afar by an orc wizard

Skill      XL: |  1  2  3  4  5 |
---------------+----------------+-----
Hexes          | 4 5 6 |  6.1
Spellcasting   | 3 |  3.8
Fighting       | |  0.1
Short Blades   | |  1.8
Dodging        | |  3.5
Stealth        | |  4.4
Ice Magic      | |  0.5

Action                   |  1- 3 |  4- 6 || total
-------------------------+-------+-------++-------
Melee: Dagger            |   107 |    79 ||   186
 Cast: Corona            |     2 |       ||     2
       Ensorcelled Hiber |    11 |     7 ||    18
 Stab: Sleeping          |    12 |     7 ||    19
       Distracted        |     1 |       ||     1
  Eat: Ration            |       |     1 ||     1
Armor: Robe              |     8 |     6 ||    14
Dodge: Dodged            |    75 |    60 ||   135
